 Dungeon Crawl Stone Soup version 0.19.4-12-gccf7e64 (webtiles) character file.

682 Magnus the Gusty (level 7, -7/36 HPs)
             Began as a Tengu Air Elementalist on Feb 26, 2017.
             Was an Initiate of Ashenzari.
             Killed from afar by an orc wizard (10 damage)
             ... with a puff of frost
             ... on level 5 of the Dungeon.
             The game lasted 00:17:17 (5254 turns).

Magnus the Gusty (Tengu Air Elementalist)           Turns: 5254, Time: 00:17:18

Health: -7/36      AC:  3    Str:  8    XL:     7   Next: 61%
Magic:  4/15       EV: 13    Int: 17    God:    Ashenzari [......]
Gold:   296        SH:  0    Dex: 15    Spells: 4 memorised, 5 levels left

rFire  . . .     SeeInvis .     (no weapon)
rCold  . . .     Gourm    .     a - +1 robe
rNeg   . . .     Faith    .     (no shield)
rPois  +         Spirit   .     (helmet restricted)
rElec  .         Reflect  .     (no cloak)
rCorr  .         Harm     .     (no gloves)
MR     .....                    (boots unavailable)
Stlth  ++........               (no amulet)
                                (no ring)
                                h - ring of poison resistance

@: no status effects
A: beak, talons 3, able to fly 1
a: Fly, Curse Item, Renounce Religion


You were on level 5 of the Dungeon.
You worshipped Ashenzari.
Ashenzari was noncommittal.
You were not hungry.

You visited 2 branches of the dungeon, and saw 6 of its levels.

You collected 296 gold pieces.

Inventory:

Armour
 a - a +1 robe (worn)
Jewellery
 h - a ring of poison resistance (left hand)
Wands
 A - a wand of iceblast (1/15)
Scrolls
 g - a scroll of recharging
 o - 3 scrolls of fear
Potions
 d - 3 potions of heal wounds
 e - 2 potions of curing
 f - a potion of flight
 l - a potion of ambrosia {unknown}
 m - a potion of beneficial mutation {unknown}
 q - a potion of mutation {unknown}
 r - a potion of haste {unknown}
 u - a potion of cancellation {unknown}
 v - a potion of invisibility {unknown}
Books
 b - a book of Air

   Spells                             Type                      Level
   a - Shock                          Conjuration/Air              1
   b - Swiftness                      Charms/Air                   2
   c - Repel Missiles                 Charms/Air                   2
   d - Static Discharge               Conjuration/Air              3
   e - Lightning Bolt                 Conjuration/Air              5
 s - a book of Cantrips

   Spells                             Type                      Level
   a - Confusing Touch                Hexes                        1
   b - Animate Skeleton               Necromancy                   1
   c - Summon Small Mammal            Summoning                    1
   d - Apportation                    Translocation                1
Comestibles
 c - 3 bread rations
 k - a beef jerky
 t - a slice of pizza


   Skills:
 - Level 2.1 Dodging
 - Level 2.0 Stealth
 + Level 4.7 Spellcasting
 + Level 6.1 Conjurations
 + Level 7.2 Air Magic


You had 5 spell levels left.
You knew the following spells:

 Your Spells              Type           Power        Failure   Level  Hunger
a - Shock                 Conj/Air       ####         1%          1    None
b - Repel Missiles        Chrm/Air       ###...       6%          2    #......
c - Swiftness             Chrm/Air       ###.....     6%          2    #......
d - Lightning Bolt        Conj/Air       ####......   30%         5    ######.


Dungeon Overview and Level Annotations

Branches:
Dungeon (5/15)             Temple (1/1) D:5

Altars:
Ashenzari
Elyvilon
Okawaru
Ru
Uskayaw
Xom


Innate Abilities, Weirdness & Mutations

You have a beak for a mouth.
You have claws for feet.
You can fly.


Message History

Aim: an orc, wielding a hand axe The zap hits the orc wizard.
The orc wizard appears unharmed.
The orc wizard is almost dead.
The zap hits the gnoll.
You kill the gnoll!
The zap hits the orc.
You kill the orc!
The orc wizard points at you and mumbles some strange words.
The magic dart hits you!
* * * LOW HITPOINT WARNING * * *
Casting: Shock
Confirm with . or Enter, or press ? or * to list all spells.
Aiming: Shock
Press: ? - help, Shift-Dir - straight line, f - gnoll
Aim: a gnoll, wielding a halberd (heavily wounded)
The zap misses the orc wizard.
The zap hits the gnoll.
The gnoll is almost dead.
The orc wizard gestures at you while chanting.
The puff of frost hits you!
You die...

................
................
................
..#####.........
..# #......... ..#
##'########+# ..#
#...........#
#...........#
#.........@.#
+########+####o#
......###..###g###
......'g......g..#
.....o#.ggPPg.)..#
...). #....PP.P..#
.... #.....>.P..#
... #...P..P...+
.. ####...P...#


You could see an orc wizard and 2 gnolls.

Vanquished Creatures
  2 ogres (D:4)
  A scorpion (D:4)
  A crimson imp (D:5)
  A gnoll shaman (D:5)
  An orc priest (D:4)
  A bullfrog skeleton (D:4)
  6 orc wizards
  3 gnolls (D:5)
  5 adders
  A shadow imp (D:5)
  An ooze (D:3)
  4 worms
  3 leopard geckos
  12 orcs
  5 giant cockroaches
  3 goblins
  5 hobgoblins
  11 jackals
  8 kobolds
  A quokka (D:4)
  7 bats
  6 frilled lizards
  8 rats
96 creatures vanquished.

Notes
Turn   | Place    | Note
-------+----------+-------------------------------------------
     0 | D:1      | Magnus the Tengu Air Elementalist began the quest for the Orb.
     0 | D:1      | Reached XP level 1. HP: 10/10 MP: 4/4
   219 | D:1      | Reached XP level 2. HP: 15/15 MP: 3/6
  1019 | D:1      | Reached XP level 3. HP: 19/19 MP: 5/7
  2177 | D:2      | Reached skill level 5 in Air Magic
  2177 | D:2      | Reached XP level 4. HP: 24/24 MP: 5/9
  2910 | D:3      | Gained mutation: You can fly. [Tengu growth]
  2910 | D:3      | Reached XP level 5. HP: 28/28 MP: 7/10
  3827 | D:4      | Noticed an ogre
  3832 | D:4      | Killed an ogre
  3969 | D:3      | Reached XP level 6. HP: 32/32 MP: 10/12
  4075 | D:4      | Reached skill level 6 in Air Magic
  4112 | D:3      | Reached skill level 5 in Conjurations
  4684 | D:4      | Reached XP level 7. HP: 36/36 MP: 11/14
  5011 | D:4      | Reached skill level 7 in Air Magic
  5064 | D:4      | Learned a level 2 spell: Repel Missiles
  5067 | D:4      | Learned a level 2 spell: Swiftness
  5073 | D:4      | Learned a level 5 spell: Lightning Bolt
  5101 | D:5      | Entered Level 5 of the Dungeon
  5204 | D:5      | Found a staircase to the Ecumenical Temple.
  5212 | Temple   | Entered the Ecumenical Temple
  5217 | Temple   | Became a worshipper of Ashenzari the Shackled
  5254 | D:5      | Killed from afar by an orc wizard

Skill      XL: |  1  2  3  4  5  6  7 |
---------------+----------------------+-----
Conjurations   | 2 3 4 5 6 |  6.1
Air Magic      | 5 6 7 |  7.2
Spellcasting   | 3 4 |  4.7
Dodging        | |  2.1
Stealth        | |  2.0

Action                   |  1- 3 |  4- 6 |  7- 9 || total
-------------------------+-------+-------+-------++-------
Melee: Unarmed           |     4 |     5 |       ||     9
       Kick              |       |     3 |       ||     3
       Peck              |       |     2 |       ||     2
 Cast: Shock             |    82 |   134 |    53 ||   269
  Use: Potion            |       |     1 |       ||     1
       Scroll            |       |       |    10 ||    10
  Eat: Chunk             |     4 |     8 |     2 ||    14
Armor: Robe              |     3 |     2 |       ||     5
Dodge: Dodged            |    21 |    31 |     7 ||    59
